Map: Fields of Death

Players

Musumeci

  • Race: Zerg Zerg
  • League: Diamond
  • Spawn Location: 7:00

MichyMoko

  • Race: Zerg Zerg
  • Spawn Location: 6:00

Fadi

  • Race: Terran Terran
  • Spawn Location: 12:00

Fboy

  • Race: Terran Terran
  • Spawn Location: 12:00

VOD

Have the link to the VOD?

Description

Time

  • Played on: March 31, 2017, 2:52 p.m.
  • Length: 21:33
Show
View Real Time Build Order
Export as new Build Order

Musumeci Zerg 

Build Orders: Pool First 

Get SALT Encoding   

  12  0:02  Drone  
  13  0:13  Overlord  
  13  0:19  Drone  
  14  0:31  Drone  
  14  0:32  Drone  
  17  0:35  Drone  
  17  1:04  Spawning Pool  
  16  1:19  Hatchery  
  15  1:32  Drone  
  15  1:33  Drone x2  
  18  2:01  Queen  
  18  2:03  Drone  
  18  2:04  Drone  
  18  2:06  Overlord  
  22  2:24  Zergling x2  
  23  2:34  Drone x2  
  23  2:35  Queen  
  27  2:41  Drone  
  27  2:42  Drone  
  29  2:52  Drone  
  29  2:56  Drone  
  29  2:57  Queen  
  33  2:59  Overlord  
  33  3:05  Drone  
  34  3:10  Extractor  
  34  3:11  Extractor  
  34  3:12  Drone x3  
  35  3:14  Queen, Roach Warren  
  36  3:23  Drone x2  
  36  3:24  Drone  
  36  3:25  Drone  
  39  3:48  Drone x4  
  43  3:56  Overlord x2  
  43  4:14  Roach x5  
  43  4:15  Roach  
  55  4:37  Roach x2  
  59  4:59  Lair, Spore Crawler  
  58  5:00  Spore Crawler x2  
  58  5:03  Spore Crawler  
  55  5:23  Drone x2  
  55  5:24  Drone x2  
  55  5:27  Extractor  
  58  5:32  Ravager  
  58  5:34  Drone, Extractor  
  58  5:35  Overlord x3  
  59  5:39  Hatchery  
  58  6:12  Drone x3, Evolution Chamber  
  58  6:13  Drone x7  
  58  6:15  Glial Reconstitution, Evolution Chamber  
  66  6:46  Drone x3  
  69  6:50  Drone x8  
  69  6:52  Zerg Missile Weapons Level 1  
  69  6:53  Zerg Ground Armor Level 1  
  77  7:00  Roach x2  
  81  7:11  Roach  
  81  7:12  Roach x2  
  81  7:14  Ravager x2  
  81  7:15  Extractor  
  88  7:17  Drone x2, Extractor  
  88  7:19  Overlord x6  
  89  7:26  Hatchery  
  88  7:43  Roach x10  
  108  7:50  Drone  
  108  7:51  Drone x3  
  112  8:08  Overlord  
  112  8:12  Overlord x3  
  112  8:16  Roach x3  
  112  8:17  Roach x4  
  112  8:18  Ravager x10  
  112  8:19  Ravager  
  137  8:36  Roach x9  
  155  8:46  Zerg Missile Weapons Level 2  
  155  8:49  Zerg Ground Armor Level 2  
  155  8:56  Drone x8  
  163  9:14  Overlord x5  
  163  9:45  Queen  
  165  10:00  Ravager x15  
  177  10:09  Infestation Pit  
  176  10:27  Extractor  
  175  10:29  Extractor, Overlord  
  175  10:30  Overlord x2  
  167  11:02  Hive  
  167  11:17  Roach x14  
  167  11:18  Roach x4  
  177  11:36  Burrow  
  177  11:37  Tunneling Claws  
  177  11:41  Ravager x2  
  177  11:42  Ravager x2  
  149  12:01  Roach x4  
  149  12:02  Roach x5  
  157  12:12  Spire  
  157  12:14  Ravager x7  
  163  12:27  Roach x8  
  179  12:42  Zergling x2  
  142  13:09  Zerg Missile Weapons Level 3, Zerg Ground Armor Level 3  
  143  13:13  Ravager x6  
  148  13:46  Roach x2  
  148  13:47  Roach  
  148  13:48  Ravager x5  
  153  13:50  Roach x14  
  181  13:58  Roach x2  
  179  14:12  Roach x4  
  171  14:20  Roach x2  
  158  15:03  Roach x10  
  158  15:04  Roach  
  166  15:22  Ravager x7  
  166  15:23  Roach x5  
  142  15:42  Roach x5  
  109  15:43  Roach x18  
  125  15:50  Roach x10  
  143  16:16  Ravager x18  
  161  17:02  Hatchery, Extractor, Spore Crawler  
  161  17:04  Extractor  
  157  17:10  Roach  
  157  17:11  Roach x24  
  157  17:14  Spore Crawler x2  
  157  17:15  Hatchery, Roach  
  193  17:16  Roach x3, Extractor, Spore Crawler  
  193  17:17  Roach x2, Extractor  
  190  17:34  Roach x4  
  190  17:35  Roach x12  
  189  17:47  Ravager  
  189  17:48  Ravager x8  
  180  18:22  Roach x6  
  180  18:23  Roach x9  
  189  18:31  Ravager x3  
  189  18:32  Ravager  
  141  18:51  Roach x2  
  141  18:52  Roach x6  
  122  19:08  Drone x2  
  124  19:12  Ravager x2  
  124  19:15  Hatchery  
  121  19:41  Ravager  
  121  19:42  Ravager x5  
  121  19:45  Spore Crawler  
  108  20:05  Ravager x2  
  108  20:06  Ravager x2  
  91  20:07  Roach x5  
  93  20:21  Roach x5  
  93  20:25  Roach x8  
  97  20:37  Roach x5  
  101  21:05  Roach  
  101  21:06  Roach x11  
  125  21:12  Drone  
Show
View Real Time Build Order
Export as new Build Order

MichyMoko Zerg 

Build Orders: Pool First 

Get SALT Encoding   

  12  0:01  Drone  
  13  0:12  Overlord  
  13  0:17  Drone  
  14  0:35  Drone x3  
  17  0:56  Spawning Pool  
  16  1:05  Drone  
  16  1:09  Extractor  
  16  1:34  Drone x2  
  16  1:39  Drone  
  19  1:58  Hatchery  
  18  2:06  Drone x2  
  18  2:08  Zergling x2  
  21  2:18  Overlord  
  21  2:22  Metabolic Boost  
  21  2:35  Queen  
  23  2:41  Zergling x2  
  24  2:51  Zergling x4  
  25  3:03  Drone, Roach Warren  
  25  3:12  Queen  
  27  3:23  Queen  
  27  3:25  Drone x2, Zergling x4  
  33  3:35  Extractor  
  32  3:45  Drone x4  
  36  3:55  Overlord x2  
  36  4:13  Overlord  
  36  4:14  Drone x3  
  36  4:16  Drone x2  
  41  4:23  Lair  
  41  4:50  Roach  
  41  4:51  Roach x5  
  52  5:12  Spore Crawler  
  51  5:33  Overseer  
  51  5:36  Drone x3  
  51  5:37  Roach x3  
  56  6:08  Overlord x2  
  56  6:09  Drone  
  56  6:10  Drone x2  
  59  6:14  Glial Reconstitution  
  59  6:15  Evolution Chamber  
  59  6:16  Drone x2, Evolution Chamber  
  57  6:47  Extractor x2  
  57  6:49  Ravager x3  
  57  6:50  Ravager x2  
  60  6:59  Overlord  
  60  7:00  Infestation Pit  
  59  7:02  Zerg Missile Weapons Level 1  
  59  7:03  Zerg Ground Armor Level 1  
  59  7:12  Overlord x2  
  59  7:13  Roach x3  
  59  7:14  Roach, Drone x3  
  70  7:30  Drone x4  
  70  7:31  Drone x4  
  70  7:32  Hatchery  
  77  7:42  Infestor  
  79  8:05  Overlord x2  
  79  8:07  Roach x3, Infestor  
  87  8:24  Pathogen Glands  
  87  8:32  Drone  
  87  8:33  Drone x5  
  93  8:35  Overlord x2  
  93  8:36  Infestor  
  93  8:37  Roach  
  97  8:51  Ravager x3  
  100  9:08  Zerg Missile Weapons Level 2  
  95  9:52  Queen  
  97  10:22  Zerg Ground Armor Level 2  
  97  10:39  Roach  
  97  10:40  Roach x15  
  129  10:52  Overlord  
  129  10:53  Overlord x3  
  129  10:58  Extractor  
  129  11:00  Drone x3, Extractor  
  130  11:04  Overlord x2  
  127  11:41  Infestor x2, Spore Crawler  
  127  11:42  Roach x4  
  127  11:43  Roach x9  
  127  11:47  Drone  
  157  11:48  Drone x3  
  160  11:57  Hive  
  160  12:01  Drone x3  
  161  12:07  Roach x3  
  161  12:08  Roach x3  
  175  12:13  Overseer  
  175  12:15  Overlord x3  
  175  12:26  Ravager x2  
  175  12:27  Ravager  
  178  13:11  Hatchery  
  177  13:29  Queen  
  179  13:44  Burrow  
  157  14:41  Roach  
  157  14:42  Roach  
  161  15:07  Queen  
  155  15:17  Hatchery  
  129  16:35  Hatchery  
  128  16:52  Lair  
  128  16:59  Queen  
  130  17:04  Drone x3  
  130  17:05  Roach  
  130  17:06  Roach x6  
  130  17:08  Overlord x5  
  139  17:47  Queen  
  141  18:04  Queen  
  143  18:20  Ravager x3  
  143  18:21  Ravager x15  
  143  18:25  Hydralisk Den  
  157  18:55  Queen  
  61  19:37  Roach x11  
  61  19:38  Roach x4  
  73  19:45  Roach  
  64  19:46  Roach x2  
  68  19:57  Roach x2  
  68  19:59  Ravager x2  
  77  20:00  Ravager x4  
  77  20:05  Roach x3  
  84  20:07  Ravager x4  
  52  20:31  Roach  
  52  20:32  Roach x11  
  39  21:15  Drone  
  39  21:16  Drone x5  
  45  21:24  Extractor  
Show
View Real Time Build Order
Export as new Build Order

Fadi Terran 

Build Orders: MMM Bio 

Get SALT Encoding   

  12  0:00  SCV  
  13  0:13  SCV  
  14  0:19  Supply Depot  
  14  0:27  SCV  
  15  0:33  Refinery  
  15  0:41  SCV  
  16  0:51  Barracks  
  16  1:00  SCV  
  17  1:23  Supply Depot  
  17  1:44  Command Center  
  17  1:57  Orbital Command  
  17  2:02  Factory  
  17  2:03  Marine  
  18  2:21  Marine  
  19  2:31  SCV  
  20  2:39  Marine  
  20  2:43  SCV  
  22  2:59  Widow Mine, Starport  
  22  3:02  SCV  
  22  3:03  Refinery  
  22  3:04  Orbital Command  
  25  3:11  Marine  
  26  3:14  SCV  
  26  3:18  Supply Depot  
  27  3:26  SCV  
  28  3:29  Factory Tech Lab  
  28  3:35  Medivac  
  30  3:44  Engineering Bay  
  30  3:47  Siege Tank  
  33  3:49  Marine  
  33  3:54  SCV  
  36  3:55  SCV  
  36  4:07  Marine  
  36  4:08  SCV x2  
  39  4:12  Supply Depot, Terran Infantry Weapons Level 1  
  39  4:19  Starport Reactor  
  39  4:24  SCV x2  
  41  4:30  Supply Depot  
  41  4:33  Barracks  
  41  4:40  SCV  
  41  4:41  SCV  
  41  4:42  Refinery  
  43  4:45  Refinery  
  44  4:52  SCV  
  44  4:53  SCV  
  45  5:04  Liberator  
  40  5:16  SCV x2  
  40  5:20  Siege Tank  
  45  5:22  Medivac  
  50  5:28  SCV  
  50  5:29  SCV  
  52  5:41  SCV, Supply Depot  
  53  5:48  Barracks Tech Lab  
  53  5:49  Engineering Bay  
  53  5:52  SCV, Siege Tank  
  53  5:53  SCV  
  58  6:04  SCV  
  58  6:05  SCV  
  60  6:12  Terran Infantry Armor Level 1  
  60  6:15  Command Center  
  60  6:16  Armory, Stimpack  
  60  6:17  SCV x2  
  62  6:22  Supply Depot  
  62  6:24  Hi-Sec Auto Tracking, Supply Depot  
  62  6:29  SCV x2  
  62  6:44  Marine, Siege Tank  
  62  6:45  Marine  
  68  6:47  SCV x2  
  68  6:50  Missile Turret  
  68  6:52  Missile Turret  
  69  6:59  Viking x2, SCV x2  
  75  7:02  Marine  
  75  7:03  Marine  
  75  7:06  Supply Depot  
  77  7:11  SCV x2  
  79  7:20  Marine  
  81  7:29  Barracks Reactor, Orbital Command  
  80  7:32  SCV x2  
  82  7:38  Sensor Tower  
  83  7:44  SCV  
  83  7:46  Orbital Command  
  83  8:08  Medivac x2  
  83  8:09  SCV x2  
  83  8:12  SCV  
  90  8:15  Refinery  
  90  8:19  Refinery  
  90  8:21  SCV  
  90  8:22  SCV  
  90  8:24  SCV  
  93  8:27  Command Center  
  93  8:28  Marauder  
  93  8:33  SCV  
  93  8:34  SCV  
  97  8:36  SCV  
  97  8:37  Viking  
  97  8:38  Viking, Siege Tank  
  105  8:45  Supply Depot  
  105  8:46  SCV x2  
  105  8:47  Supply Depot  
  105  8:48  SCV, Supply Depot  
  108  9:01  Marine  
  109  9:07  Marauder, Marine  
  112  9:10  Thor, Supply Depot  
  112  9:12  Terran Vehicle Weapons Level 1, Supply Depot x3  
  112  9:13  Terran Infantry Weapons Level 2, Supply Depot  
  112  9:14  Supply Depot  
  112  9:15  Supply Depot  
  118  9:19  Marine, Medivac x2  
  123  9:25  Marine  
  123  9:29  Marauder  
  126  9:37  Marine  
  127  9:38  Barracks  
  127  9:39  Supply Depot  
  127  9:40  Barracks x2  
  127  9:41  Barracks  
  127  9:42  Barracks, Marine  
  128  9:48  Barracks  
  128  9:50  Marauder  
  130  9:55  Marine  
  131  10:00  Marine  
  131  10:03  Refinery  
  131  10:06  Refinery  
  132  10:11  Marauder  
  132  10:13  Marine  
  135  10:16  SCV x2  
  137  10:33  Marauder, Marine  
  137  10:34  Barracks Reactor x2  
  137  10:35  Barracks Tech Lab  
  140  10:37  Combat Shields  
  140  10:54  Marauder  
  135  11:16  Marauder  
  136  11:18  Marauder, Marine x3  
  136  11:19  Marine x2  
  136  11:20  Marine  
  136  11:21  Marine  
  136  11:24  Terran Infantry Armor Level 2  
  143  11:25  SCV  
  143  11:26  SCV x2  
  143  11:29  Planetary Fortress  
  146  11:36  Marine x4  
  146  11:37  Marauder, Marine  
  146  11:38  SCV x2, Thor, Marine  
  146  11:39  Marauder  
  164  11:40  Viking, Medivac  
  168  11:48  Starport, Marine, Command Center  
  168  11:50  Factory  
  168  11:52  Factory  
  168  11:54  Marine  
  169  11:58  Marauder  
  169  12:01  Marauder, Marine x4  
  178  12:10  Viking x2  
  182  12:16  SCV  
  182  12:20  Marauder  
  182  12:21  Siege Tank  
  182  12:22  Marauder  
  190  12:25  Barracks Tech Lab  
  190  12:26  Starport Reactor  
  190  12:28  Marine  
  191  12:41  Marauder  
  191  12:44  Marauder  
  195  12:47  Marauder, Marine x2  
  195  12:48  Marine  
  200  13:09  Marauder  
  199  13:25  Factory Tech Lab x2  
  199  13:27  Marine  
  199  13:30  Terran Infantry Weapons Level 3  
  200  13:53  Command Center  
  197  15:04  Planetary Fortress  
  175  15:36  Liberator x3  
  164  15:46  Marauder x2, Marine x4  
  164  15:47  Marauder, Marine x2  
  168  15:55  Siege Tank x3  
  186  16:04  Marine x5  
  187  16:05  Marine  
  187  16:07  Marauder  
  187  16:08  Marauder x2  
  196  16:15  Refinery  
  196  16:18  Refinery  
  196  16:21  Marine  
  196  16:22  Marine x2  
  196  16:56  Marauder  
  196  16:57  Marauder  
  183  17:44  Marauder, Marine  
  183  17:45  Marauder x2  
  183  17:50  Marine  
  191  18:05  Marauder  
  186  18:19  Medivac x4  
  161  18:43  Marauder, Marine x2  
  161  18:44  Marauder x2, Marine x4  
  140  18:49  Medivac x3  
  107  18:59  Siege Tank x3  
  107  19:00  Medivac  
  107  19:01  Marine x2  
  107  19:02  Liberator x3, Marine x4  
  119  19:05  Marauder x3  
  119  19:08  Planetary Fortress  
  122  19:18  Concussive Shells  
  122  19:19  Marine x3  
  122  19:20  Liberator, Marine x3  
  137  19:26  Marauder x2  
  137  19:27  Marauder  
  137  19:31  Siege Tank x3  
  149  19:37  Marine  
  156  19:39  Marine  
  156  19:40  Marine x4  
  156  19:44  Liberator  
  156  19:45  Liberator, Refinery  
  161  19:47  Refinery  
  161  19:48  Marauder x3  
  167  19:54  Marine  
  167  19:57  Marine x2  
  167  19:58  Marine x3  
  173  20:02  Medivac  
  173  20:03  Siege Tank x3  
  190  20:09  Marauder x2  
  190  20:10  Marauder  
  190  20:12  Marine  
  197  20:15  Marine x2  
  198  20:46  Marauder x2, Marine x2  
  198  20:47  Marauder  
Show
View Real Time Build Order
Export as new Build Order

Fboy Terran 

Build Orders: 1/1/1, MMM Bio 

Get SALT Encoding   

  12  0:02  SCV  
  13  0:14  SCV  
  13  0:20  Supply Depot  
  14  0:28  Refinery  
  14  0:30  SCV  
  15  0:50  Barracks  
  15  0:56  Supply Depot  
  15  1:03  SCV  
  16  1:16  SCV  
  17  1:28  SCV  
  18  1:38  Marine  
  19  1:40  Factory  
  19  1:45  Orbital Command  
  19  1:56  Marine, Supply Depot  
  20  2:14  SCV  
  21  2:27  Starport  
  23  2:33  SCV  
  22  2:41  Command Center  
  22  2:52  Marine  
  22  2:56  SCV  
  24  2:59  Widow Mine  
  24  3:03  Medivac  
  28  3:07  Supply Depot  
  28  3:13  SCV  
  29  3:22  Engineering Bay  
  29  3:24  Marine  
  29  3:25  SCV  
  31  3:41  Factory Tech Lab, Marine  
  31  3:42  Starport Reactor  
  32  3:50  SCV  
  32  3:51  Barracks x2  
  33  3:58  SCV  
  33  3:59  Marine  
  35  4:09  Supply Depot  
  35  4:13  Missile Turret, SCV  
  36  4:17  Marine  
  36  4:22  Siege Tank  
  40  4:28  Orbital Command  
  40  4:30  SCV  
  41  4:35  Supply Depot  
  40  5:18  SCV  
  40  5:19  SCV  
  40  5:20  Barracks Tech Lab x2  
  42  5:25  Terran Infantry Weapons Level 1  
  42  5:26  Barracks  
  42  5:27  Barracks, Supply Depot  
  42  5:29  Barracks, Engineering Bay  
  42  5:31  SCV x2, Refinery  
  44  5:36  Marine  
  45  5:43  SCV x2  
  46  5:54  Marine  
  40  5:58  SCV x2  
  42  6:05  Marine  
  42  6:06  Marine  
  42  6:09  Command Center, Terran Infantry Armor Level 1  
  42  6:10  SCV x2  
  46  6:12  Marine  
  46  6:13  Stimpack  
  47  6:23  Refinery, SCV x2  
  47  6:24  Refinery, Marine x4  
  53  6:27  Marine  
  52  6:40  Marine  
  52  6:42  Marine x2  
  52  6:44  SCV, Combat Shields  
  56  6:53  SCV  
  57  7:04  Marine  
  57  7:05  Marine x3  
  62  7:08  Barracks Reactor  
  62  7:10  Barracks Reactor  
  62  7:11  Medivac x2  
  65  7:20  SCV  
  65  7:22  Marine x2  
  67  7:23  Marine  
  69  7:30  SCV, Sensor Tower  
  69  7:32  Missile Turret  
  69  7:33  Marine, Supply Depot  
  71  7:40  Marine x3  
  74  7:48  Marine x4  
  74  7:50  SCV, Marine  
  79  7:56  Bunker  
  79  7:57  Marine  
  79  7:58  Marine x2  
  82  8:05  Marine  
  82  8:07  Planetary Fortress  
  82  8:11  SCV  
  84  8:18  Liberator  
  84  8:22  Marine x5  
  84  8:23  Siege Tank  
  84  8:24  Marine  
  93  8:30  Sensor Tower  
  93  8:41  Missile Turret  
  96  8:43  Starport  
  96  8:47  Armory  
  96  8:51  Marine  
  96  8:52  SCV x2  
  96  8:53  SCV  
  100  9:00  Supply Depot  
  100  9:02  Concussive Shells  
  100  9:22  Siege Tank  
  98  9:36  Liberator x2  
  94  9:42  SCV x2  
  94  9:43  SCV  
  94  9:44  Liberator  
  87  9:46  Marine  
  87  9:47  Refinery x2, Marine  
  87  9:49  Command Center  
  87  9:50  Terran Infantry Weapons Level 2  
  87  9:51  Terran Infantry Armor Level 2  
  87  9:52  Marine x2  
  91  9:58  Marine  
  91  9:59  Marine x3  
  100  10:04  Marine  
  104  10:08  Missile Turret  
  104  10:10  Marine x3  
  107  10:16  Marine  
  107  10:17  Marine  
  109  10:24  Supply Depot  
  109  10:43  Liberator x3  
  109  10:45  Marine x5  
  109  10:46  Siege Tank  
  109  10:47  Marine x3  
  117  10:55  Supply Depot  
  117  10:57  SCV x2, Supply Depot  
  117  11:03  Marine x2  
  128  11:12  Missile Turret, Marine  
  122  11:22  Marine  
  122  11:25  Terran Vehicle Weapons Level 1  
  123  11:26  SCV x3  
  123  11:28  SCV  
  123  11:30  Missile Turret  
  127  11:42  SCV  
  127  11:43  SCV, Medivac x3  
  127  11:45  SCV x2  
  137  11:54  SCV  
  114  12:10  Siege Tank  
  114  12:11  Marine x3  
  114  12:12  SCV  
  114  12:13  Medivac x3  
  127  12:17  Refinery, Factory  
  127  12:18  Planetary Fortress, Factory  
  127  12:19  Refinery  
  127  12:20  Marine  
  127  12:21  Marine  
  127  12:22  Marine  
  129  12:29  Marine  
  131  12:33  Marine  
  132  12:38  Marine  
  132  12:43  Medivac  
  135  12:46  Marine  
  122  13:10  Marine  
  122  13:11  Marine x7  
  123  13:13  Medivac x3  
  129  13:28  Marine  
  129  13:29  Marine x7  
  137  13:41  Factory Tech Lab x2  
  137  13:43  Medivac x2  
  137  13:46  Marine x3  
  137  13:47  Starport x2, Marine x3, SCV  
  148  14:01  SCV  
  147  14:07  Marine  
  147  14:08  Siege Tank  
  146  14:18  Siege Tank  
  145  14:28  Liberator x2  
  145  14:29  Liberator  
  125  14:47  Siege Tank x2  
  125  14:50  Siege Tank  
  140  14:56  Marine  
  140  14:57  Marine x7  
  148  15:16  Marine x2  
  148  15:18  Liberator  
  148  15:32  Marine  
  148  15:33  Marine x2  
  148  15:35  Marine  
  147  15:36  Marine  
  147  15:38  Marine x3  
  146  15:50  Marine  
  146  15:51  Marine  
  148  15:59  Supply Depot  
  148  16:00  Supply Depot x2  
  148  16:01  Supply Depot  
  148  16:02  Supply Depot x2  
  148  16:03  Liberator x2, Supply Depot  
  148  16:04  Liberator x2  
  148  16:06  Liberator  
  148  16:17  Terran Infantry Weapons Level 3, Barracks x2  
  148  16:18  Barracks  
  148  16:19  Barracks  
  148  16:20  Marine x2  
  148  16:21  SCV x2, Marine x6  
  148  16:22  SCV x2, Barracks  
  148  16:23  Siege Tank x3  
  184  16:27  Supply Depot  
  184  16:38  Marine x2  
  184  16:39  Marine x6  
  192  16:55  Siege Tank x2  
  192  16:56  Marine x2  
  188  17:45  Marine  
  186  18:18  Marine  
  187  18:22  Siege Tank x3  
  187  18:23  Marine  
  194  18:53  Marine x7  
  194  18:54  Marine  
  194  18:55  Marine  
  184  19:25  Unknown x3  
  163  19:32  Marine x2  
  163  19:33  Marine x6  
  163  19:38  Marine  
  166  19:39  Marine x4  
  167  19:50  Marine x4  
  167  19:51  Marine x2  
  168  20:06  Marine  
  167  20:11  Marine  
  168  20:19  Liberator x2  
  168  20:20  Liberator x3, Marine x5  
  168  20:21  Marine  
  151  20:35  Marine x2  
  152  20:36  Marine x4  
  152  20:38  Marine  
  152  20:39  Marine  
  174  20:43  Marine x5  
  174  20:47  Siege Tank x3  
  188  20:53  Marine x4  
  188  20:54  Marine x2  
  194  20:58  Marine  
  195  21:11  Marine x2  
  195  21:12  Marine x3  
Tags
 
Add a new tag
Caveats
  • Supply blocks, unpowered buildings, or Contaminate may cause inaccurate times.
  • Supply counts are checked every 10 seconds.